 Dungeon Crawl Stone Soup version 0.28-a0-8-g6e044cfa68 (webtiles) character file.

Game seed: 525319906763111558

3509 Zonian the Sneak (level 9, 0/60 (68) HPs)
             Began as a Demonspawn Ice Elementalist on July 24, 2021.
             Was an Initiate of Makhleb.
             Slain by a wight (6 damage)
             ... on level 8 of the Dungeon.
             The game lasted 00:28:49 (13342 turns).

Zonian the Sneak (Demonspawn Ice Elementalist)     Turns: 13342, Time: 00:28:56

HP:   0/60 (68)     AC:  3    Str: 10    XL:     9   Next: 81%
MP:   23/25         EV: 18    Int: 18    God:    Makhleb [......]
Gold: 385           SH:  0    Dex: 14    Spells: 7/18 levels left

rFire   + . .      SeeInvis .   f - +3 short sword (drain)
rCold   + . .      Faith    .   (no shield)
rNeg    . . .      Spirit   .   a - +1 robe
rPois   .          Reflect  .   (no helmet)
rElec   .          Harm     .   c - scarf {rC+ rF+}
rCorr   +          Rampage  .   (no gloves)
Will    .....                   (no boots)
Stlth   +++.......              (no amulet)
HPRegen 0.20/turn               m - ring of magical power
MPRegen 0.19/turn               b - ring of resist corrosion

@: lethally poisoned (0 -> -5), freezing walls, heavily drained, repel missiles
A: claws 2, repulsion field 3, ignite blood 2
a: Renounce Religion


You were on level 8 of the Dungeon.
You worshipped Makhleb.
Makhleb was noncommittal.
You visited 2 branches of the dungeon, and saw 9 of its levels.
You also visited: Sewer and Ossuary.

You collected 424 gold pieces.
You spent 39 gold pieces at shops.

Inventory:

Hand Weapons
 d - a +0 hand axe
 e - a +0 dagger
 f - a +3 short sword of draining (weapon)
 l - a +2 dagger of pain
 p - a +2 dire flail of draining
 q - a +2 dagger of electrocution
 K - a +5 morningstar of freezing
Missiles
 n - a curare-tipped dart
Armour
 a - a +1 robe (worn)
 c - a scarf of resistance (worn)
Jewellery
 b - a ring of resist corrosion (right claw)
 m - a ring of magical power (left claw)
Wands
 t - a wand of iceblast (9)
 J - a wand of flame (20)
Scrolls
 i - 2 scrolls of blinking
 j - 5 scrolls of teleportation
 w - 3 scrolls of fear
 x - a scroll of enchant armour
 y - 3 scrolls of brand weapon {unknown}
 B - a scroll of immolation
Potions
 g - a potion of mutation
 h - 3 potions of lignification
 k - 4 potions of curing
 o - 2 potions of flight
 r - a potion of ambrosia {unknown}
 s - 3 potions of magic
 u - a potion of resistance {unknown}
 v - 2 potions of attraction {unknown}
 z - a potion of degeneration {unknown}
 A - 4 potions of cancellation
 C - 2 potions of might {unknown}
 D - a potion of berserk rage {unknown}
 E - 2 potions of haste {unknown}
 F - 2 potions of invisibility {unknown}
 G - 2 potions of brilliance {unknown}


   Skills:
 + Level 5.3 Fighting
 - Level 4.0 Short Blades
 + Level 5.2 Dodging
 + Level 6.0 Stealth
 - Level 2.7 Unarmed Combat
 + Level 5.3 Spellcasting
 - Level 5.8 Ice Magic
 + Level 3.5 Poison Magic
 + Level 1.6 Invocations


You had 7 spell levels left.
You knew the following spells:

 Your Spells              Type           Power      Damage    Failure   Level
a - Freeze                Ice            100%       1d11      1%          1
b - Frozen Ramparts       Ice            50%        1d7       3%          3
c - Ozocubu's Armour      Ice            25%        N/A       3%          3
d - Olgreb's Toxic Radia  Pois           17%        N/A       30%         4

Your spell library contained the following spells:

 Spells                   Type           Power      Damage    Failure   Level
 Sting                    Tmut/Pois      44%        1d5       6%          1
 Ensorcelled Hibernation  Hex/Ice        30%        N/A       6%          2
 Poisonous Vapours        Pois/Air       22%        N/A       10%         2
 Animate Skeleton         Necr           8%         N/A       13%         1
 Apportation              Tloc           8%         N/A       13%         1
 Corona                   Hex            4%         N/A       13%         1
 Summon Small Mammal      Summ           16%        N/A       13%         1
 Tukima's Dance           Hex            4%         N/A       36%         3
 Hailstorm                Conj/Ice       15%        3d5       36%         4


Dungeon Overview and Level Annotations

Branches:
Dungeon (8/15)             Temple (1/1) D:7           Sewer (visited)
Ossuary (visited)
   Lair: D:8-11

Altars:
Ashenzari
Dithmenos
Elyvilon
Fedhas
Gozag
Hepliaklqana
Kikubaaqudgha
Makhleb
Nemelex Xobeh
Okawaru
Qazlal
Ru
Sif Muna
Trog
Uskayaw
Vehumet
Wu Jian
Xom
Yredelemnul
Zin
The Shining One

Shops:
D:2 *   D:7 *

Annotations:
D:7 3 runed translucent doors, RBrandon's ghost, novice DgHu
D:8 Psyche


Innate Abilities, Weirdness & Mutations

You have very sharp fingernails.
You are surrounded by a strong repulsion field. (EV +4, RMsl)
Your demonic aura often causes spilled blood to erupt in flames.


Message History

The wall freezes the wight but does no damage.
The wight hits you with a +0 dagger.
You feel drained.
The wall freezes Psyche.
Psyche misses you.
The wight resists.
The wall freezes the wight.
You hit Psyche but do no damage.
Psyche is heavily wounded.
You feel sick.
The wall freezes the orc.
The wight completely resists.
The wall freezes the wight but does no damage.
The wall freezes Psyche.
Psyche drinks a potion.
Psyche is healed!
The wight completely misses you.
The wight completely resists.
The wall freezes the wight but does no damage.
The wight barely misses you.
The wight completely resists.
The wall freezes the wight but does no damage.
You hit Psyche.
Psyche is lightly wounded.
You feel sick.
The wall freezes Psyche.
Psyche hits you with a +0 dagger of chaos.
The wight completely resists.
The wall freezes the wight but does no damage.
The wall freezes the orc.
The orc misses you.
The wight hits you from afar with a +0 halberd.
The wight resists.
The wall freezes the wight.
The wight misses you.
You hit Psyche.
Psyche is moderately wounded.
You feel sick.
The wall freezes Psyche.
Psyche mumbles some strange words.
A swirling arc of seething chaos appears!
The arc of chaos hits you.
The arc of chaos hits the orc.
The orc dies!
The wight resists.
The wall freezes the wight.
The wight hits you with a +1 mace of draining!
* * * LOW HITPOINT WARNING * * *
You feel drained.
* * * LOW HITPOINT WARNING * * *
You feel drained.
* * * LOW HITPOINT WARNING * * *
The wight resists.
The wall freezes the wight.
A centaur comes into view.
The wight misses you.
The wight resists.
The wall freezes the wight.
The wight hits you with a +0 dagger.
You die...

#.........#
#.........####...#
###..........+_#...#
+...........####....
#.###.......#......# #.#
#####'###.....# #.#
#...#.z...##
#####.#######..)#z.....c
#.............)@@zz.....
......####.##..######.##
..[...# #.##... ......#
...... ......# .#.....
......# #.#.o... ......#
.#..o ......# .# ..o
#..##.#


You could see Psyche (drained), a centaur (wandering) and 4 wights.

Vanquished Creatures
  A two-headed ogre (D:5)
  Eustachio (D:4)
  Edmund (D:4)
  2 water moccasins
  An orc warrior (D:7)
  An ice beast (D:7)
  A necrophage (D:6)
  2 sky beasts
  2 ogres
  3 centaurs (D:7)
  A phantom (D:4)
  2 bullfrogs
  A kobold brigand (Sewer)
  Blork the orc (D:4)
  A wyvern zombie (D:6)
  A scorpion (D:4)
  A water moccasin zombie (D:3)
  A water moccasin skeleton (D:4)
  An oklob sapling (D:7)
  A wight (D:7)
  2 bullfrog zombies
  A centaur zombie (D:6)
  2 hounds
  2 bullfrog skeletons (D:6)
  A jelly (D:6)
  3 orc priests
  5 orc wizards
  13 mummies
  A howler monkey skeleton (D:6)
  9 adders
  3 river rats
  A shadow imp (D:7)
  2 white imps (D:7)
  An ufetubus (D:4)
  An adder skeleton (D:4)
  4 worms (D:2)
  3 dart slugs
  21 orcs
  11 ball pythons
  9 endoplasms
  5 giant cockroaches
  7 hobgoblins
  4 jackals (D:2)
  2 quokkas (D:4)
  5 bats
  6 frilled lizards
  11 goblins
  4 goblin skeletons (Ossuary)
  18 kobolds
  A kobold skeleton (Ossuary)
  3 orc skeletons (Ossuary)
  2 orc zombies (D:5)
  28 rats
  11 rat skeletons (Ossuary)
228 creatures vanquished.

Vanquished Creatures (others)
  A scorpion (D:7)
  An iguana (D:7)
  An orc (D:8)
  A fungus (D:1)
  19 plants
23 creatures vanquished.

Grand Total: 251 creatures vanquished

Notes
Turn   | Place    | Note
-------+----------+-------------------------------------------
     0 | D:1      | Zonian the Demonspawn Ice Elementalist began the quest for
                  | the Orb.
     0 | D:1      | Reached XP level 1. HP: 13/13 MP: 3/3
   374 | D:1      | Gained mutation: Your demonic aura sometimes causes spilled
                  | blood to erupt in flames. [demonic ancestry]
   374 | D:1      | Reached XP level 2. HP: 14/19 MP: 0/5
   921 | D:1      | Found a faded altar of an unknown god.
   926 | D:1      | Got Plato's Compendium of Beguiling
  1573 | D:2      | Gained mutation: You are surrounded by a mild repulsion
                  | field. (EV +2) [demonic ancestry]
  1573 | D:2      | Reached XP level 3. HP: 8/24 MP: 4/6
  2007 | D:2      | Found Maysuqa's General Store.
  2022 | D:2      | Reached skill level 2 in Stealth
  2031 | D:2      | Bought a scroll of teleportation for 39 gold pieces
  2761 | D:3      | Found a sacrificial altar of Ru.
  2790 | D:3      | Reached skill level 1 in Short Blades
  2790 | D:3      | Gained mutation: You are surrounded by a moderate repulsion
                  | field. (EV +3) [demonic ancestry]
  2790 | D:3      | Reached XP level 4. HP: 29/31 MP: 7/7
  3163 | D:3      | Found a bloodstained altar of Trog.
  3256 | D:3      | Found an ornate altar of the Wu Jian Council.
  3276 | D:3      | Reached skill level 1 in Fighting
  3276 | D:3      | Gained mutation: You have sharp fingernails. [demonic
                  | ancestry]
  3276 | D:3      | Reached XP level 5. HP: 20/37 MP: 8/8
  3514 | D:3      | Learned a level 3 spell: Frozen Ramparts
  3665 | D:4      | Noticed Blork the orc
  3857 | D:4      | Killed Blork the orc
  3858 | D:4      | Reached skill level 3 in Stealth
  3858 | D:4      | Reached skill level 1 in Unarmed Combat
  3858 | D:4      | Gained mutation: You are surrounded by a strong repulsion
                  | field. (EV +4, RMsl) [demonic ancestry]
  3858 | D:4      | Reached XP level 6. HP: 41/44 MP: 10/10
  4073 | D:4      | Noticed Eustachio
  4093 | D:4      | Killed Eustachio
  4094 | D:4      | Reached XP level 7. HP: 30/51 MP: 11/11
  4278 | D:4      | Noticed Edmund
  4289 | D:4      | Killed Edmund
  4850 | D:4      | Learned a level 3 spell: Ozocubu's Armour
  5116 | D:4      | Found a sparkling altar of Nemelex Xobeh.
  5170 | D:4      | Found a basalt altar of Yredelemnul.
  5273 | D:4      | Reached skill level 5 in Ice Magic
  5650 | D:5      | Entered Level 5 of the Dungeon
  5755 | D:5      | Found a sand-covered staircase.
  5761 | D:5      | Reached skill level 4 in Stealth
  5763 | Ossuary  | Entered an ossuary
  7586 | D:5      | Gained mutation: You have very sharp fingernails. [demonic
                  | ancestry]
  7586 | D:5      | Reached XP level 8. HP: 44/58 MP: 13/13
  7976 | D:5      | Identified a scroll of acquirement
  7976 | D:5      | Acquired a Young Poisoner's Handbook
  7983 | D:5      | Learned a level 4 spell: Olgreb's Toxic Radiance
  8256 | D:5      | Noticed a two-headed ogre
  8491 | D:5      | Killed a two-headed ogre
  8492 | D:5      | Reached skill level 1 in Poison Magic
  8684 | D:5      | Reached skill level 5 in Stealth
  9020 | D:5      | Gained mutation: Your demonic aura often causes spilled
                  | blood to erupt in flames. [demonic ancestry]
  9020 | D:5      | Reached XP level 9. HP: 22/65 MP: 15/15
  9552 | D:6      | Found a glowing drain.
  9573 | Sewer    | Entered a sewer
 10946 | D:6      | Found a shimmering blue altar of Sif Muna.
 11153 | D:7      | Reached skill level 5 in Spellcasting
 11162 | D:7      | Reached skill level 5 in Dodging
 11165 | D:7      | Reached skill level 5 in Fighting
 11879 | D:7      | Found a staircase to the Ecumenical Temple.
 12123 | Temple   | Entered the Ecumenical Temple
 12143 | Temple   | Became a worshipper of Makhleb the Destroyer
 12177 | D:7      | Found a shimmering altar of Xom.
 12228 | D:7      | Found a runed translucent gate.
 12229 | D:7      | Found a runed translucent gate.
 12229 | D:7      | Found a runed translucent gate.
 12231 | D:7      | Noticed RBrandon's ghost (novice DgHu)
 12556 | D:7      | Reached skill level 1 in Invocations
 12731 | D:7      | Reached skill level 6 in Stealth
 13024 | D:7      | Found Dexkaafu's General Store.
 13183 | D:7      | Found a hazy altar of Hepliaklqana.
 13183 | D:7      | Found an ancient bone altar of Kikubaaqudgha.
 13191 | D:7      | Found a faded altar of an unknown god.
 13193 | D:7      | Found a blossoming altar of Fedhas.
 13314 | D:8      | Noticed Psyche
 13335 | D:8      | Found a broken altar of Ashenzari.
 13342 | D:8      | Slain by a wight

Illustrated notes

Levels and vault maps discovered:
D:1:      dpeg_arrival_erosion, layout_rooms,
          shapermc_ecumenical_altar_rom_forum
D:2:      layout_rooms, serial_shops, shop
D:3:      minmay_door_path, layout_rooms, trog_book,
          mainiacjoe_overflow_concentric_impassable, overflow_temple_1_default
D:4:      cheibrodos_greedy_goblins, layout_loops_ring,
          nicolae_overflow_hidden_temple, general_overflow_altar, uniq_edmund,
          uniq_blork_the_orc, uniq_eustachio
D:5:      layout_gridville, nicolae_ossuary_entry_giza
D:6:      layout_cave_pools, nicolae_sif_muna_little_library,
          portal_sewer_entry_b
D:7:      layout_layer_cave, chequers_temple_overflow_minitemple,
          xom_confusion_cloud, minmay_temple_entry_oklob, serial_shops, shop,
          ebering_ghost_rock_garden
D:8:      layout_basic, ashenzari_conservatory_becter, erik_lair_dragon,
          uniq_psyche
Temple:   jpeg_temple_island

Skill      XL: |  1  2  3  4  5  6  7  8  9 |
---------------+----------------------------+-----
Ice Magic      | 4 5 |  5.8
Stealth        | 2 3 4 5 6 |  6.0
Dodging        | 2 3 4 5 |  5.2
Short Blades   | 1 2 3 4 |  4.0
Fighting       | 1 2 3 4 5 |  5.3
Unarmed Combat | 1 2 |  2.7
Spellcasting   | 3 4 5 |  5.3
Poison Magic   | 2 3 |  3.5
Invocations    | 1 |  1.6

Action                   |  1- 3 |  4- 6 |  7- 9 || total
-------------------------+-------+-------+-------++-------
Melee: Unarmed           |     6 |       |    50 ||    56
       Short sword       |    92 |    97 |   373 ||   562
       Dagger            |     8 |       |   134 ||   142
       Hand axe          |     4 |       |       ||     4
       Punch             |       |       |     5 ||     5
 Cast: Freeze            |    21 |       |    22 ||    43
       Frozen Ramparts   |       |     2 |    11 ||    13
       Ozocubu's Armour  |       |       |     1 ||     1
  Use: Scroll            |     1 |     3 |    14 ||    18
       Potion            |       |       |     3 ||     3
 Stab: Sleeping          |     5 |     5 |    23 ||    33
Armor: Robe              |    16 |    11 |    70 ||    97
Dodge: Dodged            |    78 |    72 |   407 ||   557
       Repelled          |       |       |     2 ||     2

Table legend: (Time is in decaauts)
 A = Elapsed time spent in this place.
 B = Non-inter-level travel time spent in this place.
 C = Inter-level travel time spent in this place.
 D = Time resting spent in this place.
 E = Time spent auto-exploring this place.
 F = Levels seen in this place.
 G = Mean time per level.
                   A        B        C        D        E       F      G
               +--------+--------+--------+--------+--------+-----+--------+
         Total |  13321 |  13201 |    120 |   6640 |   4288 |  11 | 1211.0 |
       Dungeon |  11235 |  11133 |    102 |   5500 |   4070 |   8 | 1404.4 |
        Temple |     38 |     20 |     18 |      0 |      0 |   1 |   38.0 |
         Sewer |    522 |    522 |      0 |    100 |     63 |   1 |  522.0 |
       Ossuary |   1524 |   1524 |      0 |   1040 |    155 |   1 | 1524.0 |
               +--------+--------+--------+--------+--------+-----+--------+

Top non-repeatable levels by time:
     D:5: 2246 daAuts
     D:7: 1911 daAuts
     D:4: 1727 daAuts
 Ossuary: 1524 daAuts
     D:2: 1380 daAuts
     D:3: 1344 daAuts
     D:6: 1340 daAuts
     D:1: 1208 daAuts
   Sewer: 522 daAuts
     D:8: 75 daAuts
  Temple: 38 daAuts
